Kings vs Oilers

Created - November 13 2011 at 15:23

Goals
1 2 3 T
Kings 0 1 0 1
Oilers 2 2 1 5
Shots
1 2 3 T
Kings 5 10 8 23
Oilers 6 9 11 26

Period #1

1. Oilers , Roman Hamrlik 4 (Stephen Weiss, Dany Heatley) at 13:43
2. Oilers , Dany Heatley 8 (Roman Hamrlik, Andrew Ladd) at 18:39

Penalties :
Adrian Aucoin (EDM) for Hooking (Minor) at 3:51, Bryan Allen (LOS) for Interference (Minor) at 9:38, Blair Jones (LOS) for High sticking (Minor) at 14:29, Chris Phillips (EDM) for Slashing (Minor) at 19:48

Period #2

3. Kings , Wojtek Wolski 4 (Jamie McBain, Mike Lundin) at 1:50
4. Oilers , Andrew Ladd 7 (Stephen Weiss, Dany Heatley) at 2:08
5. Oilers , Dany Heatley 9 (Stephen Weiss) at 5:30

Penalties :
Scott Hannan (EDM) for Hooking (Minor) at 3:10, Scott Hannan (EDM) for Hooking (Minor) at 8:06, Jamie McBain (LOS) for Interference (Minor) at 12:25, Mike Lundin (LOS) for Roughing (Minor) at 19:57

Period #3

6. Oilers , Jochen Hecht 1 (Chris Phillips, Dany Heatley) at 1:43 (PP)

Penalties :
Brian Rolston (LOS) for Hooking (Minor) at 5:18, Jonathon Blum (LOS) for Tripping (Minor) at 10:59, Chris Phillips (EDM) for Hooking (Minor) at 17:38, Scott Nichol (EDM) for Fighting (Major) at 19:06, Bryan Allen (LOS) for Fighting (Major) at 19:06

Goalie Stats

Ondrej Pavelec (LOS), 7 saves from 7 shots - (1.000), 18:17 minutes
Nikolai Khabibulin (LOS), 14 saves from 19 shots - (0.737), L, 2-5-1, 41:43 minutes
Kari Lehtonen (EDM), 22 saves from 23 shots - (0.957), W, 8-8-2, 60:00 minutes

Players Stats

Kings
Player Name              G  A  P  +/- PIM S  H  SB FO    MP 
------------------------------------------------------------
Blair Jones              0  0  0   0  2   2  0  0  12/20 16 
Brian Rolston            0  0  0   0  2   0  0  0  0/0   16 
Bryan Allen              0  0  0   0  7   0  2  1  0/0   16 
Craig Adams              0  0  0  -1  0   0  0  0  0/1   7  
Evgeny Dadonov           0  0  0   0  0   1  1  0  0/0   16 
Jack Hillen              0  0  0   0  0   1  0  1  0/0   17 
Jamie McBain             0  1  1  -2  2   4  1  1  0/0   20 
Jason Arnott             0  0  0  -2  0   1  2  0  11/19 20 
Joe Corvo                0  0  0  -1  0   3  0  1  0/0   24 
Jonathon Blum            0  0  0   0  2   0  0  1  0/0   15 
Magnus Paajarvi          0  0  0  -1  0   2  0  0  3/11  8  
Matt Duchene             0  0  0  -1  0   2  0  0  10/23 23 
Matt Niskanen            0  0  0  -1  0   0  0  0  0/0   7  
Michael Frolik           0  0  0  -2  0   2  0  1  0/2   15 
Mike Lundin              0  1  1  -2  2   1  1  0  0/0   19 
Sean Bergenheim          0  0  0  -2  0   1  2  0  0/1   16 
Sergei Samsonov          0  0  0   0  0   1  0  0  0/0   17 
Wojtek Wolski            1  0  1   0  0   2  0  0  0/0   15 
Oilers
Player Name              G  A  P  +/- PIM S  H  SB FO    MP 
------------------------------------------------------------
Adam Burish              0  0  0   0  0   0  2  0  1/1   9  
Adrian Aucoin            0  0  0   0  2   0  2  2  0/0   22 
Andrew Ladd              1  1  2   3  0   3  0  0  0/1   14 
Brent Sopel              0  0  0   0  0   1  1  3  0/0   18 
Chris Phillips           0  1  1   3  4   1  1  1  0/0   21 
Dany Heatley             2  3  5   3  0   4  4  0  1/2   16 
Derek Roy                0  0  0   0  0   2  0  0  9/19  16 
Fernando Pisani          0  0  0   0  0   2  1  0  0/0   13 
Jochen Hecht             1  0  1   0  0   2  1  0  0/0   16 
Karlis Skrastins         0  0  0   0  0   1  0  1  0/0   19 
Michal Handzus           0  0  0   0  0   2  1  1  12/21 17 
Radek Dvorak             0  0  0   0  0   0  0  0  1/1   11 
Roman Hamrlik            1  1  2   3  0   1  1  1  0/0   22 
Scott Hannan             0  0  0   0  4   1  4  2  0/0   13 
Scott Nichol             0  0  0   0  5   0  0  1  6/12  10 
Stephen Weiss            0  3  3   3  0   5  0  0  10/17 16 
Steve Sullivan           0  0  0   0  0   0  1  0  1/2   14 
Todd Marchant            0  0  0   0  0   1  8  0  0/1   20 

3 Stars

1 - Dany Heatley (EDM)
2 - Roman Hamrlik (EDM)
3 - Andrew Ladd (EDM)

Power Play

Kings - 0 on 5 Attempt(s) - 0.00%
Oilers - 1 on 6 Attempt(s) - 16.67%

Penalty Kill

Kings - 5 on 6 Attempt(s) - 83.33% - Score 0 goal in Penalty Kill
Oilers - 5 on 5 Attempt(s) - 100.00% - Score 0 goal in Penalty Kill

Game Notes

Ondrej Pavelec enters game at 1:43 of 3rd period
Bryan Allen beats up Scott Nichol at 19:06 of 3rd period

Finance

Level 1 -- Attendance: 5000 (76.92%) -- Ticket Income $465,000.00
Level 2 -- Attendance: 5000 (100.00%) -- Ticket Income $235,000.00
Level 3 -- Attendance: 3209 (91.69%) -- Ticket Income $109,106.00
Level 4 -- Attendance: 839 (100.00%) -- Ticket Income $17,619.00
Luxury Box -- Attendance: 742 (74.20%) -- Ticket Income $143,948.00
Game was played at the Rexall Place
Total Attendance: 14790 (87.83%)
Total Ticket Income: $1,001,686.00
Other Income: $221,315.10
Total Income: $1,223,001.00


Play by Play

Period #1

0:01 of 1st period - Stephen Weiss wins face-off versus Matt Duchene in neutral zone.
0:11 of 1st period - Sergei Samsonov is hit by Dany Heatley and loses puck.
1:30 of 1st period - Michael Frolik is hit by Adrian Aucoin and loses puck.
1:33 of 1st period - Shot by Michael Frolik.
1:33 of 1st period - Shot Misses the Net.
1:35 of 1st period - Shot by Michael Frolik.
1:35 of 1st period - Stopped by Kari Lehtonen with a rebound.
1:37 of 1st period - Shot by Michael Frolik.
1:37 of 1st period - Shot Misses the Net.
2:20 of 1st period - Wojtek Wolski is hit by Scott Hannan and loses puck.
3:18 of 1st period - Shot by Magnus Paajarvi.
3:18 of 1st period - Shot Misses the Net.
3:20 of 1st period - Shot by Matt Niskanen.
3:20 of 1st period - Deflect By Magnus Paajarvi.
3:20 of 1st period - Stopped by Kari Lehtonen without a rebound.
3:21 of 1st period - Derek Roy wins face-off versus Michael Frolik in Oilers zone.
3:38 of 1st period - Shot by Jochen Hecht.
3:38 of 1st period - Shot Blocked by Jamie McBain.
3:51 of 1st period - Minor Penalty to Adrian Aucoin for Hooking.
3:52 of 1st period - Scott Nichol wins face-off versus Matt Duchene in Oilers zone.
4:08 of 1st period - Shot by Joe Corvo.
4:08 of 1st period - Stopped by Kari Lehtonen without a rebound.
4:09 of 1st period - Matt Duchene wins face-off versus Scott Nichol in Oilers zone.
4:09 of 1st period - Matt Duchene is hit by Chris Phillips.
4:13 of 1st period - Shot by Matt Duchene.
4:13 of 1st period - Shot Misses the Net.
4:17 of 1st period - Shot by Joe Corvo.
4:17 of 1st period - Stopped by Kari Lehtonen with a rebound.
5:56 of 1st period - Wojtek Wolski is hit by Jochen Hecht and loses puck.
6:04 of 1st period - Off-side.
6:05 of 1st period - Blair Jones wins face-off versus Andrew Ladd in neutral zone.
6:14 of 1st period - Jonathon Blum is hit by Dany Heatley and loses puck.
6:26 of 1st period - Off-side.
6:27 of 1st period - Magnus Paajarvi wins face-off versus Derek Roy in neutral zone.
6:58 of 1st period - Icing by Joe Corvo.
6:59 of 1st period - Michal Handzus wins face-off versus Magnus Paajarvi in Kings zone.
7:25 of 1st period - Icing by Scott Hannan.
7:26 of 1st period - Blair Jones wins face-off versus Michal Handzus in Oilers zone.
7:43 of 1st period - Blair Jones is hit by Todd Marchant and loses puck.
8:51 of 1st period - Jamie McBain is hit by Dany Heatley.
9:38 of 1st period - Minor Penalty to Bryan Allen for Interference.
9:39 of 1st period - Stephen Weiss wins face-off versus Matt Duchene in Kings zone.
11:02 of 1st period - Shot by Steve Sullivan.
11:02 of 1st period - Shot Misses the Net.
11:04 of 1st period - Shot by Michal Handzus.
11:04 of 1st period - Shot Blocked by Jack Hillen.
11:06 of 1st period - Shot by Michal Handzus.
11:06 of 1st period - Stopped by Nikolai Khabibulin without a rebound.
11:07 of 1st period - Jason Arnott wins face-off versus Steve Sullivan in Kings zone.
12:34 of 1st period - Matt Duchene is hit by Adam Burish and loses puck.
12:39 of 1st period - Shot by Matt Duchene.
12:39 of 1st period - Stopped by Kari Lehtonen without a rebound.
12:40 of 1st period - Jason Arnott wins face-off versus Derek Roy in Oilers zone.
12:47 of 1st period - Shot by Sean Bergenheim.
12:47 of 1st period - Shot Blocked by Karlis Skrastins.
13:41 of 1st period - Shot by Stephen Weiss.
13:41 of 1st period - Shot Misses the Net.
13:43 of 1st period - Shot by Roman Hamrlik.
13:43 of 1st period - Goal by Roman Hamrlik - Kings : 0 - Oilers : 1.
13:44 of 1st period - Blair Jones wins face-off versus Scott Nichol in neutral zone.
13:53 of 1st period - Blair Jones is hit by Adam Burish and loses puck.
14:29 of 1st period - Minor Penalty to Blair Jones for High sticking.
14:30 of 1st period - Stephen Weiss wins face-off versus Matt Duchene in Kings zone.
15:25 of 1st period - Off-side.
15:26 of 1st period - Stephen Weiss wins face-off versus Sean Bergenheim in neutral zone.
15:53 of 1st period - Brian Rolston is hit by Dany Heatley and loses puck.
16:24 of 1st period - Shot by Derek Roy.
16:24 of 1st period - Stopped by Nikolai Khabibulin with a rebound.
16:56 of 1st period - Shot by Wojtek Wolski.
16:56 of 1st period - Shot Misses the Net.
17:09 of 1st period - Icing by Jack Hillen.
17:10 of 1st period - Michal Handzus wins face-off versus Blair Jones in Kings zone.
17:11 of 1st period - Shot by Karlis Skrastins.
17:11 of 1st period - Stopped by Nikolai Khabibulin without a rebound.
17:12 of 1st period - Michal Handzus wins face-off versus Magnus Paajarvi in Kings zone.
18:35 of 1st period - Shot by Andrew Ladd.
18:35 of 1st period - Stopped by Nikolai Khabibulin with a rebound.
18:39 of 1st period - Shot by Dany Heatley.
18:39 of 1st period - Goal by Dany Heatley - Kings : 0 - Oilers : 2.
18:40 of 1st period - Derek Roy wins face-off versus Blair Jones in neutral zone.
18:58 of 1st period - Icing by Jochen Hecht.
18:59 of 1st period - Derek Roy wins face-off versus Matt Duchene in Oilers zone.
19:48 of 1st period - Minor Penalty to Chris Phillips for Slashing.
19:49 of 1st period - Jason Arnott wins face-off versus Scott Nichol in Oilers zone.

Period #2

0:01 of 2nd period - Matt Duchene wins face-off versus Michal Handzus in neutral zone.
0:01 of 2nd period - Sergei Samsonov is hit by Todd Marchant and loses puck.
0:05 of 2nd period - Joe Corvo is hit by Todd Marchant and loses puck.
1:16 of 2nd period - Shot by Jamie McBain.
1:16 of 2nd period - Shot Blocked by Brent Sopel.
1:18 of 2nd period - Shot by Sean Bergenheim.
1:18 of 2nd period - Shot Misses the Net.
1:22 of 2nd period - Shot by Jason Arnott.
1:22 of 2nd period - Shot Blocked by Roman Hamrlik.
1:24 of 2nd period - Shot by Jamie McBain.
1:24 of 2nd period - Shot Misses the Net.
1:26 of 2nd period - Shot by Mike Lundin.
1:26 of 2nd period - Stopped by Kari Lehtonen without a rebound.
1:27 of 2nd period - Jason Arnott wins face-off versus Michal Handzus in Oilers zone.
1:30 of 2nd period - Shot by Michael Frolik.
1:30 of 2nd period - Shot Blocked by Adrian Aucoin.
1:34 of 2nd period - Shot by Jamie McBain.
1:34 of 2nd period - Shot Misses the Net.
1:38 of 2nd period - Shot by Michael Frolik.
1:38 of 2nd period - Deflect By Jason Arnott.
1:38 of 2nd period - Shot Misses the Net.
1:40 of 2nd period - Shot by Mike Lundin.
1:40 of 2nd period - Shot Misses the Net.
1:42 of 2nd period - Shot by Mike Lundin.
1:42 of 2nd period - Shot Misses the Net.
1:44 of 2nd period - Shot by Jamie McBain.
1:44 of 2nd period - Shot Hit the Post.
1:46 of 2nd period - Shot by Mike Lundin.
1:46 of 2nd period - Shot Misses the Net.
1:50 of 2nd period - Shot by Wojtek Wolski.
1:50 of 2nd period - Goal by Wojtek Wolski - Kings : 1 - Oilers : 2.
1:51 of 2nd period - Blair Jones wins face-off versus Stephen Weiss in neutral zone.
2:06 of 2nd period - Shot by Andrew Ladd.
2:06 of 2nd period - Stopped by Nikolai Khabibulin with a rebound.
2:08 of 2nd period - Shot by Andrew Ladd.
2:08 of 2nd period - Goal by Andrew Ladd - Kings : 1 - Oilers : 3.
2:09 of 2nd period - Steve Sullivan wins face-off versus Craig Adams in neutral zone.
2:14 of 2nd period - Shot by Derek Roy.
2:14 of 2nd period - Shot Misses the Net.
2:55 of 2nd period - Matt Duchene is hit by Scott Hannan and loses puck.
3:06 of 2nd period - Shot by Jonathon Blum.
3:06 of 2nd period - Shot Misses the Net.
3:10 of 2nd period - Minor Penalty to Scott Hannan for Hooking.
3:11 of 2nd period - Radek Dvorak wins face-off versus Michael Frolik in Oilers zone.
3:11 of 2nd period - Radek Dvorak is hit by Jason Arnott.
3:35 of 2nd period - Mike Lundin is hit by Todd Marchant and loses puck.
4:24 of 2nd period - Shot by Sergei Samsonov.
4:24 of 2nd period - Stopped by Kari Lehtonen without a rebound.
4:25 of 2nd period - Michal Handzus wins face-off versus Matt Duchene in Oilers zone.
5:08 of 2nd period - Shot by Jamie McBain.
5:08 of 2nd period - Stopped by Kari Lehtonen without a rebound.
5:09 of 2nd period - Blair Jones wins face-off versus Michal Handzus in Oilers zone.
5:10 of 2nd period - Shot by Jack Hillen.
5:10 of 2nd period - Stopped by Kari Lehtonen with a rebound.
5:18 of 2nd period - Shot by Todd Marchant.
5:18 of 2nd period - Shot Blocked by Jonathon Blum.
5:20 of 2nd period - Shot by Todd Marchant.
5:20 of 2nd period - Shot Hit the Post.
5:24 of 2nd period - Shot by Todd Marchant.
5:24 of 2nd period - Shot Misses the Net.
5:26 of 2nd period - Shot by Michal Handzus.
5:26 of 2nd period - Shot Misses the Net.
5:28 of 2nd period - Shot by Todd Marchant.
5:28 of 2nd period - Stopped by Nikolai Khabibulin without a rebound.
5:29 of 2nd period - Stephen Weiss wins face-off versus Magnus Paajarvi in Kings zone.
5:30 of 2nd period - Shot by Dany Heatley.
5:30 of 2nd period - Goal by Dany Heatley - Kings : 1 - Oilers : 4.
5:31 of 2nd period - Blair Jones wins face-off versus Stephen Weiss in neutral zone.
5:47 of 2nd period - Shot by Andrew Ladd.
5:47 of 2nd period - Shot Misses the Net.
5:49 of 2nd period - Shot by Dany Heatley.
5:49 of 2nd period - Shot Misses the Net.
5:51 of 2nd period - Shot by Andrew Ladd.
5:51 of 2nd period - Shot Misses the Net.
5:53 of 2nd period - Shot by Dany Heatley.
5:53 of 2nd period - Shot Misses the Net.
6:16 of 2nd period - Icing by Jack Hillen.
6:17 of 2nd period - Blair Jones wins face-off versus Derek Roy in Kings zone.
6:19 of 2nd period - Icing by Jonathon Blum.
6:20 of 2nd period - Blair Jones wins face-off versus Derek Roy in Kings zone.
6:36 of 2nd period - Shot by Derek Roy.
6:36 of 2nd period - Stopped by Nikolai Khabibulin without a rebound.
6:37 of 2nd period - Michal Handzus wins face-off versus Matt Duchene in Kings zone.
7:41 of 2nd period - Jason Arnott is hit by Brent Sopel and loses puck.
7:45 of 2nd period - Jason Arnott is hit by Scott Hannan and loses puck.
7:52 of 2nd period - Shot by Michael Frolik.
7:52 of 2nd period - Shot Misses the Net.
7:54 of 2nd period - Shot by Mike Lundin.
7:54 of 2nd period - Shot Blocked by Brent Sopel.
8:06 of 2nd period - Minor Penalty to Scott Hannan for Hooking.
8:07 of 2nd period - Matt Duchene wins face-off versus Scott Nichol in Oilers zone.
8:30 of 2nd period - Shot by Joe Corvo.
8:30 of 2nd period - Shot Blocked by Chris Phillips.
8:32 of 2nd period - Shot by Matt Duchene.
8:32 of 2nd period - Stopped by Kari Lehtonen without a rebound.
8:33 of 2nd period - Scott Nichol wins face-off versus Jason Arnott in Oilers zone.
10:27 of 2nd period - Shot by Evgeny Dadonov.
10:27 of 2nd period - Stopped by Kari Lehtonen with a rebound.
10:30 of 2nd period - Icing by Adrian Aucoin.
10:31 of 2nd period - Derek Roy wins face-off versus Magnus Paajarvi in Oilers zone.
11:15 of 2nd period - Off-side.
11:16 of 2nd period - Michal Handzus wins face-off versus Blair Jones in neutral zone.
11:21 of 2nd period - Blair Jones is hit by Fernando Pisani and loses puck.
11:30 of 2nd period - Shot by Wojtek Wolski.
11:30 of 2nd period - Stopped by Kari Lehtonen with a rebound.
11:33 of 2nd period - Icing by Scott Hannan.
11:34 of 2nd period - Michal Handzus wins face-off versus Jason Arnott in Oilers zone.
11:34 of 2nd period - Michal Handzus is hit by Sean Bergenheim.
11:45 of 2nd period - Off-side.
11:46 of 2nd period - Stephen Weiss wins face-off versus Matt Duchene in neutral zone.
11:51 of 2nd period - Shot by Dany Heatley.
11:51 of 2nd period - Stopped by Nikolai Khabibulin without a rebound.
11:52 of 2nd period - Blair Jones wins face-off versus Stephen Weiss in Kings zone.
12:24 of 2nd period - Shot by Stephen Weiss.
12:24 of 2nd period - Stopped by Nikolai Khabibulin without a rebound.
12:25 of 2nd period - Michal Handzus wins face-off versus Jason Arnott in Kings zone.
12:25 of 2nd period - Minor Penalty to Jamie McBain for Interference.
12:26 of 2nd period - Derek Roy wins face-off versus Jason Arnott in Kings zone.
14:48 of 2nd period - Icing by Scott Hannan.
14:49 of 2nd period - Michal Handzus wins face-off versus Magnus Paajarvi in Oilers zone.
15:30 of 2nd period - Mike Lundin is hit by Steve Sullivan and loses puck.
16:02 of 2nd period - Icing by Adrian Aucoin.
16:03 of 2nd period - Scott Nichol wins face-off versus Blair Jones in Oilers zone.
16:18 of 2nd period - Shot by Blair Jones.
16:18 of 2nd period - Shot Blocked by Adrian Aucoin.
16:20 of 2nd period - Shot by Blair Jones.
16:20 of 2nd period - Shot Blocked by Scott Nichol.
16:22 of 2nd period - Shot by Blair Jones.
16:22 of 2nd period - Stopped by Kari Lehtonen without a rebound.
16:23 of 2nd period - Stephen Weiss wins face-off versus Matt Duchene in Oilers zone.
16:48 of 2nd period - Shot by Dany Heatley.
16:48 of 2nd period - Stopped by Nikolai Khabibulin without a rebound.
16:49 of 2nd period - Adam Burish wins face-off versus Blair Jones in Kings zone.
17:06 of 2nd period - Shot by Wojtek Wolski.
17:06 of 2nd period - Shot Misses the Net.
17:14 of 2nd period - Shot by Radek Dvorak.
17:14 of 2nd period - Shot Misses the Net.
17:18 of 2nd period - Shot by Adrian Aucoin.
17:18 of 2nd period - Shot Misses the Net.
17:25 of 2nd period - Icing by Jack Hillen.
17:26 of 2nd period - Stephen Weiss wins face-off versus Blair Jones in Kings zone.
17:29 of 2nd period - Shot by Dany Heatley.
17:29 of 2nd period - Shot Misses the Net.
17:33 of 2nd period - Shot by Stephen Weiss.
17:33 of 2nd period - Stopped by Nikolai Khabibulin without a rebound.
17:34 of 2nd period - Michal Handzus wins face-off versus Jason Arnott in Kings zone.
17:34 of 2nd period - Michal Handzus is hit by Jamie McBain.
17:40 of 2nd period - Shot by Fernando Pisani.
17:40 of 2nd period - Shot Blocked by Michael Frolik.
18:06 of 2nd period - Shot by Mike Lundin.
18:06 of 2nd period - Shot Blocked by Scott Hannan.
18:08 of 2nd period - Shot by Jamie McBain.
18:08 of 2nd period - Shot Blocked by Scott Hannan.
18:10 of 2nd period - Shot by Jamie McBain.
18:10 of 2nd period - Stopped by Kari Lehtonen without a rebound.
18:11 of 2nd period - Derek Roy wins face-off versus Matt Duchene in Oilers zone.
18:26 of 2nd period - Shot by Steve Sullivan.
18:26 of 2nd period - Shot Blocked by Bryan Allen.
19:51 of 2nd period - Dany Heatley is hit by Mike Lundin and loses puck.
19:57 of 2nd period - Minor Penalty to Mike Lundin for Roughing.
19:58 of 2nd period - Jason Arnott wins face-off versus Derek Roy in Kings zone.
19:58 of 2nd period - Jason Arnott is hit by Todd Marchant.

Period #3

0:01 of 3rd period - Stephen Weiss wins face-off versus Matt Duchene in neutral zone.
0:14 of 3rd period - Shot by Stephen Weiss.
0:14 of 3rd period - Stopped by Nikolai Khabibulin with a rebound.
0:16 of 3rd period - Shot by Jochen Hecht.
0:16 of 3rd period - Stopped by Nikolai Khabibulin without a rebound.
0:17 of 3rd period - Matt Duchene wins face-off versus Todd Marchant in Kings zone.
0:28 of 3rd period - Sergei Samsonov is hit by Todd Marchant and loses puck.
1:41 of 3rd period - Shot by Chris Phillips.
1:41 of 3rd period - Stopped by Nikolai Khabibulin with a rebound.
1:43 of 3rd period - Shot by Jochen Hecht.
1:43 of 3rd period - Goal by Jochen Hecht - Kings : 1 - Oilers : 5.
1:43 of 3rd period - Ondrej Pavelec enters game.
1:44 of 3rd period - Blair Jones wins face-off versus Michal Handzus in neutral zone.
1:47 of 3rd period - Shot by Wojtek Wolski.
1:47 of 3rd period - Shot Misses the Net.
1:55 of 3rd period - Shot by Scott Hannan.
1:55 of 3rd period - Stopped by Ondrej Pavelec without a rebound.
1:56 of 3rd period - Scott Nichol wins face-off versus Magnus Paajarvi in Kings zone.
2:52 of 3rd period - Shot by Fernando Pisani.
2:52 of 3rd period - Stopped by Ondrej Pavelec without a rebound.
2:53 of 3rd period - Jason Arnott wins face-off versus Michal Handzus in Kings zone.
2:53 of 3rd period - Jason Arnott is hit by Todd Marchant.
3:23 of 3rd period - Sean Bergenheim is hit by Scott Hannan and loses puck.
3:28 of 3rd period - Shot by Michael Frolik.
3:28 of 3rd period - Shot Blocked by Brent Sopel.
3:32 of 3rd period - Shot by Sean Bergenheim.
3:32 of 3rd period - Stopped by Kari Lehtonen without a rebound.
3:33 of 3rd period - Derek Roy wins face-off versus Blair Jones in Oilers zone.
3:54 of 3rd period - Evgeny Dadonov is hit by Adrian Aucoin and loses puck.
4:16 of 3rd period - Icing by Adrian Aucoin.
4:17 of 3rd period - Matt Duchene wins face-off versus Derek Roy in Oilers zone.
4:21 of 3rd period - Icing by Adrian Aucoin.
4:22 of 3rd period - Magnus Paajarvi wins face-off versus Derek Roy in Oilers zone.
4:26 of 3rd period - Icing by Karlis Skrastins.
4:27 of 3rd period - Derek Roy wins face-off versus Jason Arnott in Oilers zone.
5:18 of 3rd period - Minor Penalty to Brian Rolston for Hooking.
5:19 of 3rd period - Derek Roy wins face-off versus Matt Duchene in Kings zone.
5:28 of 3rd period - Shot by Brent Sopel.
5:28 of 3rd period - Stopped by Ondrej Pavelec with a rebound.
5:30 of 3rd period - Shot by Derek Roy.
5:30 of 3rd period - Shot Blocked by Joe Corvo.
5:32 of 3rd period - Shot by Andrew Ladd.
5:32 of 3rd period - Shot Misses the Net.
5:54 of 3rd period - Todd Marchant is hit by Bryan Allen and loses puck.
7:02 of 3rd period - Shot by Jochen Hecht.
7:02 of 3rd period - Shot Misses the Net.
7:26 of 3rd period - Jonathon Blum is hit by Michal Handzus and loses puck.
8:07 of 3rd period - Andrew Ladd is hit by Evgeny Dadonov.
8:55 of 3rd period - Shot by Magnus Paajarvi.
8:55 of 3rd period - Stopped by Kari Lehtonen without a rebound.
8:56 of 3rd period - Jason Arnott wins face-off versus Michal Handzus in Oilers zone.
9:03 of 3rd period - Shot by Jamie McBain.
9:03 of 3rd period - Shot Blocked by Michal Handzus.
9:05 of 3rd period - Shot by Jason Arnott.
9:05 of 3rd period - Stopped by Kari Lehtonen without a rebound.
9:06 of 3rd period - Matt Duchene wins face-off versus Derek Roy in Oilers zone.
10:36 of 3rd period - Off-side.
10:37 of 3rd period - Blair Jones wins face-off versus Stephen Weiss in neutral zone.
10:39 of 3rd period - Jack Hillen is hit by Roman Hamrlik and loses puck.
10:58 of 3rd period - Shot by Dany Heatley.
10:58 of 3rd period - Shot Misses the Net.
10:59 of 3rd period - Minor Penalty to Jonathon Blum for Tripping.
11:00 of 3rd period - Jason Arnott wins face-off versus Derek Roy in Kings zone.
11:00 of 3rd period - Jason Arnott is hit by Todd Marchant.
11:51 of 3rd period - Off-side.
11:52 of 3rd period - Matt Duchene wins face-off versus Stephen Weiss in neutral zone.
12:02 of 3rd period - Shot by Stephen Weiss.
12:02 of 3rd period - Stopped by Ondrej Pavelec without a rebound.
12:03 of 3rd period - Matt Duchene wins face-off versus Stephen Weiss in Kings zone.
12:18 of 3rd period - Shot by Roman Hamrlik.
12:18 of 3rd period - Shot Misses the Net.
12:20 of 3rd period - Shot by Jochen Hecht.
12:20 of 3rd period - Shot Misses the Net.
12:24 of 3rd period - Shot by Dany Heatley.
12:24 of 3rd period - Shot Misses the Net.
12:26 of 3rd period - Shot by Stephen Weiss.
12:26 of 3rd period - Shot Misses the Net.
12:30 of 3rd period - Shot by Dany Heatley.
12:30 of 3rd period - Shot Misses the Net.
13:18 of 3rd period - Shot by Fernando Pisani.
13:18 of 3rd period - Stopped by Ondrej Pavelec without a rebound.
13:19 of 3rd period - Scott Nichol wins face-off versus Magnus Paajarvi in Kings zone.
13:23 of 3rd period - Icing by Matt Niskanen.
13:24 of 3rd period - Magnus Paajarvi wins face-off versus Scott Nichol in Kings zone.
14:33 of 3rd period - Shot by Michal Handzus.
14:33 of 3rd period - Stopped by Ondrej Pavelec without a rebound.
14:34 of 3rd period - Stephen Weiss wins face-off versus Blair Jones in Kings zone.
14:50 of 3rd period - Shot by Stephen Weiss.
14:50 of 3rd period - Stopped by Ondrej Pavelec without a rebound.
14:51 of 3rd period - Jason Arnott wins face-off versus Derek Roy in Kings zone.
15:11 of 3rd period - Shot by Matt Duchene.
15:11 of 3rd period - Shot Misses the Net.
15:13 of 3rd period - Shot by Jamie McBain.
15:13 of 3rd period - Stopped by Kari Lehtonen with a rebound.
15:27 of 3rd period - Karlis Skrastins is hit by Jason Arnott and loses puck.
16:30 of 3rd period - Icing by Bryan Allen.
16:31 of 3rd period - Scott Nichol wins face-off versus Matt Duchene in Kings zone.
16:33 of 3rd period - Radek Dvorak is hit by Bryan Allen and loses puck.
16:44 of 3rd period - Shot by Bryan Allen.
16:44 of 3rd period - Shot Misses the Net.
17:07 of 3rd period - Off-side.
17:08 of 3rd period - Jason Arnott wins face-off versus Michal Handzus in neutral zone.
17:23 of 3rd period - Shot by Michael Frolik.
17:23 of 3rd period - Deflect By Jason Arnott.
17:23 of 3rd period - Shot Misses the Net.
17:25 of 3rd period - Shot by Michael Frolik.
17:25 of 3rd period - Stopped by Kari Lehtonen without a rebound.
17:26 of 3rd period - Blair Jones wins face-off versus Stephen Weiss in Oilers zone.
17:38 of 3rd period - Minor Penalty to Chris Phillips for Hooking.
17:39 of 3rd period - Michal Handzus wins face-off versus Jason Arnott in Oilers zone.
17:39 of 3rd period - Michal Handzus is hit by Sean Bergenheim.
18:25 of 3rd period - Shot by Joe Corvo.
18:25 of 3rd period - Stopped by Kari Lehtonen without a rebound.
18:26 of 3rd period - Matt Duchene wins face-off versus Michal Handzus in Oilers zone.
18:40 of 3rd period - Icing by Joe Corvo.
18:41 of 3rd period - Matt Duchene wins face-off versus Scott Nichol in Kings zone.
19:06 of 3rd period - Bryan Allen beats up Scott Nichol.
19:06 of 3rd period - Penalty to Scott Nichol for Fighting.
19:06 of 3rd period - Penalty to Bryan Allen for Fighting.
19:07 of 3rd period - Jason Arnott wins face-off versus Dany Heatley in Oilers zone.
19:10 of 3rd period - Shot by Jamie McBain.
19:10 of 3rd period - Stopped by Kari Lehtonen without a rebound.
19:11 of 3rd period - Dany Heatley wins face-off versus Jason Arnott in Oilers zone.
19:55 of 3rd period - Shot by Evgeny Dadonov.
19:55 of 3rd period - Deflect By Wojtek Wolski.
19:55 of 3rd period - Shot Misses the Net.
19:57 of 3rd period - Shot by Blair Jones.
19:57 of 3rd period - Stopped by Kari Lehtonen without a rebound.
19:58 of 3rd period - Michal Handzus wins face-off versus Magnus Paajarvi in Oilers zone.


Output by the SimonT Hockey Simulator (STHS) for Stephane Roy -- Original Page W3C XHTML 1.0 Valid